 Dungeon Crawl Stone Soup version bcrawl-1.19.1 (webtiles) character file.

Game seed: 17590423233235695156

19424 Niddhogr the Destroyer (level 12, -32/86 HPs)
             Began as a Demonspawn Venom Mage on Dec 6, 2019.
             Was an Initiate of Gozag.
             Hit by a large rock thrown by a stone giant (42 damage)
             ... in a volcano on Dec 7, 2019.
             The game lasted 01:11:16 (14072 turns).

Niddhogr the Destroyer (Demonspawn Venom Mage)     Turns: 14072, Time: 01:11:17

Health: -32/86     AC:  6    Str:  9    XL:     12   Next: 36%
Magic:  22/26      EV: 19    Int: 20    God:    Gozag
Gold:   934        SH:  0    Dex: 15    Spells: 9/31 levels left

rFire    + . .     SeeInvis .   n - +0 halberd (protect)
rCold    + . .     Gourm    .   (shield currently unavailable)
rNeg     . . .     Faith    .   A - +2 robe {rC+ rF+} {rC+, rF+}
rPois    +         Spirit   .   i - +2 hat {MR+} {MR+}
rElec    .         Reflect  .   (no cloak)
rCorr    .         Harm     .   (no gloves)
MR       +....                  (no boots)
Stlth    ++........             R - amulet of regeneration
HPRegen  0.64/turn              P - ring of poison resistance
MPRegen  0.20/turn              W - ring of wizardry {Wiz+}

@: about to teleport
A: antennae 2, repulsion field 2, foul stench 1, rot immunity
a: Potion Petition, Call Merchant, Bribe Branch, Renounce Religion


You were in a volcano.
You worshipped Gozag.
Gozag was pleased with you.
You were not hungry.

You visited 4 branches of the dungeon, and saw 15 of its levels.
You also visited: Volcano.

You collected 2809 gold pieces.
You spent 940 gold pieces at shops.
You paid 935 gold pieces to Gozag.

Inventory:

Hand Weapons
 a - a +3 spear of piercing
 n - a +0 halberd of protection (weapon)
 S - the +5 flail of Conflict {freeze, rF++, unknown}
   (You found it on level 10 of the Dungeon)

   It has been specially enchanted to freeze those struck by it, causing extra
   injury to most foes and up to half again as much damage against particularly
   susceptible opponents.
   It can also slow down cold-blooded creatures.
   It greatly protects you from fire.
Missiles
 g - 492 tomahawks
 m - 1112 arrows
 p - a throwing net {!f=f}
 r - 136 poisoned needles
 K - 175 javelins (quivered)
Armour
 i - a +2 hat of magic resistance (worn) {MR+}
 A - a +2 robe of resistance (worn) {rC+, rF+}
Jewellery
 j - an uncursed amulet of the gourmand
 o - an uncursed ring of ice {rC+, rF-}
 y - an uncursed ring of flight
 M - an uncursed ring of protection from magic
 O - an uncursed ring of insulation
 P - a ring of poison resistance (left hand)
 R - an amulet of regeneration (around neck)
 W - a ring of wizardry (right hand) {Wiz+}
Wands
 F - a wand of enslavement (2)
 I - a wand of flame (9)
 U - a wand of iceblast (3)
Scrolls
 e - 4 scrolls of amnesia
 f - 2 scrolls of fog
 h - 4 scrolls of immolation {!r}
 k - 2 scrolls of enchant armour
 q - a scroll of noise {unknown}
 x - 4 scrolls of magic mapping {!r}
 E - 4 scrolls of remove curse
 L - a scroll of summoning {unknown}
Potions
 c - 4 potions of berserk rage {!q}
 d - 4 potions of degeneration {!q}
 l - 2 potions of lignification {unknown}
 s - 3 potions of flight
 v - 2 potions of brilliance
 z - a potion of haste {unknown}
 D - a potion of cancellation
 G - a potion of might {unknown}
 N - 2 potions of resistance {unknown}
 Q - a potion of agility {unknown}
 T - a potion of ambrosia {unknown}
Comestibles
 H - 7 rations {!d}


   Skills:
 - Level 5.0 Fighting
 - Level 7.3 Polearms
 + Level 5.9 Dodging
 - Level 2.0 Stealth
 - Level 10.2 Spellcasting
 - Level 11.1 Conjurations
 * Level 0.9 Earth Magic
 - Level 8.0 Poison Magic


You had 9 spell levels left.
You knew the following spells:

 Your Spells              Type           Power        Failure   Level  Hunger
a - Summon Scorpions      Summ/Pois      ####....     5%          4    ##.....
b - Poisonous Vapours     Pois/Air       ####..       1%          2    None
c - Olgreb's Toxic Radia  Pois           #####...     1%          4    ##.....
d - Poison Arrow          Conj/Pois      #####.....   9%          6    ######.
e - Iron Shot             Conj/Erth      ####......   32%         6    ######.

Your spell library contained the following spells:

 Spells                   Type           Power        Failure   Level  Hunger
 Sandblast                Erth           ##....       1%          1    None
 Sting                    Conj/Pois      ####         1%          1    None
 Venom Bolt               Conj/Pois      #####.....   1%          5    ####...
 Apportation              Tloc           ##....       2%          1    None
 Infusion                 Chrm           ##......     2%          1    None
 Slow                     Hex            ##......     2%          1    None
 Summon Butterflies       Summ           ##......     2%          1    None
 Ignite Poison            Fire/Tmut/Pois ###.....     2%          3    None
 Iskenderun's Battlesphe  Conj/Chrm      ####....     8%          5    ####...
 Orb of Destruction       Conj           ######....   24%         7    #######
 Spellforged Servitor     Conj/Summ      ####......   90%         7    #######


Dungeon Overview and Level Annotations

Branches:
Dungeon (10/12)            Temple (1/1) D:4            Lair (3/6) D:8
  Swamp (0/3) Lair:3       Spider (0/3) Lair:3          Orc (1/1) D:9
    Elf: Orc:1

Altars:
Ashenzari
Cheibriados
Dithmenos
Elyvilon
Fedhas
Gozag
Hepliaklqana
Kikubaaqudgha
Lugonu
Makhleb
Nemelex Xobeh
Okawaru
Qazlal
Ru
Sif Muna
Trog
Uskayaw
Vehumet
Wu Jian
Xom
Yredelemnul
Zin
The Shining One
Jiyva

Shops:
D:3 *   D:6 }   D:9 :   D:10 %   Orc *   Lair:2 (

Annotations:
Lair:1 exclusion: fire dragon
Lair:2 exclusion: oklob plant


Innate Abilities, Weirdness & Mutations

You have a pair of antennae on your head.
You are surrounded by a moderate repulsion field. (EV +3)
You may emit foul miasma when damaged in melee.
You are immune to rotting.


Message History

You feel much better. The stone giant hits you!!
* * * LOW HITPOINT WARNING * * *
You emit a cloud of foul miasma!
You take 20 damage, and have 9/86 hp.
MASSIVE DAMAGE!!
The stone giant is engulfed in dark miasma.
The stone giant is poisoned.
The stone giant throws a large rock.
The large rock hits your scorpion!!!
Your scorpion dies!
Your scorpion's corpse disappears in a puff of smoke!
Unknown command.
Unknown command.
Okay, then.
As you read the scroll of teleportation, it crumbles to dust.
You feel strangely unstable.
The stone giant is engulfed in dark miasma.
The stone giant looks even sicker.
The stone giant seems to slow down.
The stone giant throws a large rock.
The large rock hits you!!!
You die...
Your body crumbles into a pile of gold.

#### ##§°##
##≈≈§°# #.≈≈≈°#
##...≈≈##
#.∩.@§≈≈#
##..§.≈§# ###C.§##
#.#### ##.## ##
###.# #..##...#
.........#
##....≈≈≈≈≈§....##


You could see a stone giant.

Levels and vault maps discovered:
D:1:      mrwooster_arrival_statue_2, layout_loops_ring, minmay_ruptured
D:2:      lemuel_upstairs_altar, layout_loops_cross,
          nicolae_overflow_hidden_temple
D:3:      layout_basic, nicolae_gozag_zags_fifth_avenue, lemuel_crystal_altar,
          wander_ebering_terrifying_dragon_lair
D:4:      layout_basic, minmay_temple_entry_tees, first_ration
D:5:      layout_gridville, kennysheep_little_box, uniq_eustachio
D:6:      layout_loops_cross, fedhas_ov_isle_minmay,
          gammafunk_temple_overflow_pools, nemelex_xobeh_ov_fountains_minmay,
          serial_shops, shop, uniq_sigmund
D:7:      layout_basic, led_sif_book, lemuel_crystal_altar
D:8:      old_forge, layout_rooms, overflow_temple_1_default, bloody_makhleb,
          marbit_many_paths, lair_entry_dummy, the_bakery
D:9:      layout_roguey, david_orc_4, corexii_checkpoint_a,
          minmay_misc_feat_secret_circle, minmay_between
D:10:     layout_rooms, serial_shops, shop_statue, nicolae_two_hexagons,
          dk_yredelemnul_ordeal, uniq_erica
Temple:   pf_slimified_temple
Lair:1:   dragon1_lemuel, layout_cave_shapes, minivault_24
Lair:2:   layout_hall_layers, basic_altar, serial_bayou_lagoon_b,
          grunt_megastairs_3, minmay_lair_oklob_chamber, uniq_gastronok
Lair:3:   layout_regular_city, palyth_hydra_swamp_entry,
          spider_nest_entry_rubble, gammafunk_ghost_wrathful_warriors,
          nicolae_volcano_entry_s_turn, lemuel_old_faithful, uniq_nergalle
Orc:      grunt_orc_gardens, layout_caves, grunt_orc_garden, grunt_orc_garden,
          grunt_orc_garden, grunt_orc_garden
Volcano:  volcano_pools

Notes
Turn   | Place    | Note
-------+----------+-------------------------------------------
     0 | D:1      | Niddhogr the Demonspawn Venom Mage began the quest for the
                  | Orb.
     0 | D:1      | Reached XP level 1. HP: 13/13 MP: 3/3
    40 | D:1      | Identified a +0 short sword
   367 | D:1      | Gained mutation: You are surrounded by a mild repulsion
                  | field. (EV +2) [demonic ancestry]
   367 | D:1      | Reached XP level 2. HP: 19/19 MP: 3/5
   412 | D:1      | Learned a level 2 spell: Poisonous Vapours
   569 | D:1      | Identified a +0 dagger
   588 | D:1      | Identified a +0 dagger
   603 | D:1      | Reached skill level 4 in Poison Magic
   614 | D:1      | Identified a +0 dagger
   862 | D:1      | Identified a +0 club
   919 | D:1      | Identified a +0 club
   926 | D:1      | Gained mutation: You have a pair of small antennae on your
                  | head. [demonic ancestry]
   926 | D:1      | Reached XP level 3. HP: 19/24 MP: 3/6
  1053 | D:1      | Identified an amulet of the gourmand (You found it on level
                  | 1 of the Dungeon)
  1155 | D:2      | Identified a +1 quarterstaff of draining (You found it on
                  | level 2 of the Dungeon)
  1239 | D:2      | Identified a +0 flail
  1239 | D:2      | Identified a +0 ring mail
  1265 | D:2      | Identified a +0 short sword
  1319 | D:2      | Found a glowing golden altar of the Shining One.
  1319 | D:2      | Identified a +0 whip
  1331 | D:2      | Found a snail-covered altar of Cheibriados.
  1490 | D:2      | Identified a ring of ice (You found it on level 2 of the
                  | Dungeon)
  1577 | D:2      | Identified a +0 dagger
  1826 | D:3      | Reached skill level 5 in Poison Magic
  1826 | D:3      | Gained mutation: You have a pair of antennae on your head.
                  | [demonic ancestry]
  1826 | D:3      | Reached XP level 4. HP: 26/30 MP: 2/7
  2036 | D:3      | Identified a +0 dagger
  2036 | D:3      | Identified a +0 robe
  2038 | D:3      | Identified a +0 leather armour
  2039 | D:3      | Identified a +0 dagger
  2039 | D:3      | Identified a +0 robe
  2079 | D:3      | Identified a +0 leather armour
  2096 | D:3      | Reached XP level 5. HP: 16/35 MP: 4/8
  2096 | D:3      | Identified a +0 hand axe
  2096 | D:3      | Identified a +0 scale mail
  2285 | D:3      | Identified a +0 dagger
  2315 | D:3      | Learned a level 4 spell: Olgreb's Toxic Radiance
  2360 | D:3      | Identified a +0 dagger
  2425 | D:3      | Found Gozag's Platinum Reserve.
  2473 | D:3      | Found an opulent altar of Gozag.
  2491 | D:3      | Became a worshipper of Gozag Ym Sagoz the Greedy
  2502 | D:3      | Identified a +0 club
  2539 | D:3      | Identified a +0 mace
  2539 | D:3      | Identified a +0 falchion
  2539 | D:3      | Identified a +0 leather armour
  2539 | D:3      | Identified a +0 hand axe
  2539 | D:3      | Identified a +0 short sword
  2539 | D:3      | Identified a +0 ring mail
  2540 | D:3      | Identified a +0 club
  2541 | D:3      | Reached skill level 6 in Poison Magic
  2790 | D:3      | Identified a +0 giant club
  2790 | D:3      | Noticed an ogre
  2903 | D:2      | Found a glowing golden altar of the Shining One.
  3008 | D:2      | Identified 4 scrolls of identify
  3008 | D:2      | Identified 2 potions of curing
  3009 | D:2      | Identified a scroll of enchant armour
  3010 | D:2      | Identified a scroll of amnesia
  3011 | D:2      | Identified a scroll of teleportation
  3118 | D:3      | Found a corrupted altar of Lugonu.
  3319 | D:3      | Killed an ogre
  3319 | D:3      | Reached XP level 6. HP: 41/41 MP: 3/9
  3495 | D:4      | Identified a +0 trident
  3495 | D:4      | Identified a +0 leather armour
  3496 | D:4      | Identified a cursed -1 dagger
  3496 | D:4      | Identified a +0 robe
  3497 | D:4      | Identified a cursed -3 war axe
  3498 | D:4      | Identified a +0 dagger
  3498 | D:4      | Identified a +0 robe
  3500 | D:4      | Reached skill level 7 in Poison Magic
  3519 | D:4      | Reached skill level 3 in Spellcasting
  3696 | D:4      | Identified a +0 club
  3697 | D:4      | Identified a +0 mace
  3698 | D:4      | Identified a +0 whip
  3698 | D:4      | Identified a +0 ring mail
  3743 | D:4      | Found a staircase to the Ecumenical Temple.
  3762 | D:4      | Noticed a sky beast
  3772 | D:4      | Killed a sky beast
  3772 | D:4      | Reached skill level 1 in Polearms
  3772 | D:4      | Reached XP level 7. HP: 34/46 MP: 5/12
  3786 | Temple   | Entered the Ecumenical Temple
  3872 | D:4      | Got a twisted whip
  3873 | D:4      | Identified the +7 whip of the Distant Future {pain, -Tele
                  | rN++} (You found it on level 4 of the Dungeon)
  3881 | D:4      | Identified 4 scrolls of magic mapping
  3927 | D:4      | Identified a ring of flight (You found it on level 4 of the
                  | Dungeon)
  4144 | D:4      | Identified 2 potions of flight
  4264 | D:5      | Entered Level 5 of the Dungeon
  4333 | D:5      | Reached skill level 4 in Spellcasting
  4447 | D:5      | Found a hazy altar of Hepliaklqana.
  4555 | D:5      | Reached skill level 2 in Polearms
  4688 | D:5      | Identified a cursed +4 scimitar
  4688 | D:5      | Identified a +0 robe
  4688 | D:5      | Identified a +2 morningstar of freezing
  4688 | D:5      | Identified a +0 robe
  4927 | D:5      | Identified a +0 flail
  4928 | D:5      | Identified a +0 hand axe of chopping
  4928 | D:5      | Identified a +0 chain mail
  4928 | D:5      | Identified a +0 whip
  4928 | D:5      | Identified a +0 ring mail
  4928 | D:5      | Identified a +0 short sword
  4935 | D:5      | Identified a +0 whip
  4935 | D:5      | Identified a +0 leather armour
  5184 | D:5      | Identified a +0 falchion
  5184 | D:5      | Identified a +2 leather armour of cold resistance
  5184 | D:5      | Noticed Eustachio
  5196 | D:5      | Killed Eustachio
  5196 | D:5      | Reached skill level 5 in Spellcasting
  5419 | D:5      | Gained mutation: You are surrounded by a moderate repulsion
                  | field. (EV +3) [demonic ancestry]
  5419 | D:5      | Reached XP level 8. HP: 52/52 MP: 11/16
  5537 | D:5      | Identified a +2 falchion
  5537 | D:5      | Identified a +0 plate armour
  5549 | D:5      | Reached skill level 3 in Polearms
  5827 | D:5      | Identified a +0 short sword
  5850 | D:5      | Identified 2 scrolls of immolation
  6235 | D:6      | Identified a +0 shortbow
  6244 | D:6      | Reached skill level 6 in Spellcasting
  6325 | D:6      | Found an ornate altar of the Wu Jian Council.
  6325 | D:6      | Found a shimmering altar of Xom.
  6418 | D:6      | Found a sparkling altar of Nemelex Xobeh.
  6472 | D:6      | Identified a +0 scythe
  6472 | D:6      | Identified a +0 robe of positive energy
  6472 | D:6      | Noticed Sigmund
  6482 | D:6      | Killed Sigmund
  6560 | D:6      | Found Duuff's Gadget Shop.
  6572 | D:6      | Identified an amulet of regeneration (You found it on level
                  | 6 of the Dungeon)
  6643 | D:6      | Identified a +0 mace
  6643 | D:6      | Identified a +0 plate armour
  6645 | D:6      | Identified a +0 dagger
  6645 | D:6      | Identified a +0 robe
  6647 | D:6      | Reached skill level 4 in Polearms
  6658 | D:6      | Reached skill level 7 in Spellcasting
  6754 | D:6      | Found a blossoming altar of Fedhas.
  6858 | D:6      | Identified a +0 dagger
  6858 | D:6      | Identified a +0 robe
  6858 | D:6      | Identified a cursed -2 dagger
  6858 | D:6      | Identified a +0 robe
  6859 | D:6      | Identified a +0 ring mail
  6860 | D:6      | Identified a +0 flail
  6861 | D:6      | Identified a +0 falchion
  6861 | D:6      | Identified a +0 scale mail
  7091 | D:7      | Identified a +0 dagger
  7094 | D:7      | Identified a +0 flail
  7223 | D:5      | Identified a ring of wizardry (You found it on level 5 of
                  | the Dungeon)
  7385 | D:7      | Identified 2 potions of brilliance
  7389 | D:7      | Found a basalt altar of Yredelemnul.
  7389 | D:7      | Noticed a troll
  7419 | D:6      | Learned a level 4 spell: Summon Scorpions
  7508 | D:7      | Gained mutation: You are immune to rotting. [demonic
                  | ancestry]
  7508 | D:7      | Reached XP level 9. HP: 44/57 MP: 14/20
  7590 | D:7      | Killed a troll
  7590 | D:7      | Reached skill level 5 in Polearms
  7590 | D:7      | Reached skill level 8 in Spellcasting
  7635 | D:7      | Identified a +0 flail of crushing
  7639 | D:7      | Identified a +0 dagger
  7639 | D:7      | Identified a +0 robe
  7640 | D:7      | Identified a +0 halberd
  7640 | D:7      | Identified a +0 plate armour
  7752 | D:7      | Identified a ring of insulation (You found it on level 7 of
                  | the Dungeon)
  7952 | D:7      | Identified 2 scrolls of remove curse
  8006 | D:7      | Found a shimmering blue altar of Sif Muna.
  8011 | D:7      | Identified a +0 dagger
  8011 | D:7      | Identified a +0 robe
  8011 | D:7      | Identified a +0 dagger
  8011 | D:7      | Identified a +0 robe
  8276 | D:8      | Identified a +0 spear
  8276 | D:8      | Identified a +0 spear
  8278 | D:8      | Identified a +3 spear of piercing
  8278 | D:8      | Identified a +0 scale mail
  8411 | D:8      | Reached skill level 9 in Spellcasting
  8451 | D:8      | Reached skill level 6 in Polearms
  8561 | D:8      | Found a burning altar of Makhleb.
  8718 | D:8      | Found a staircase to the Lair.
  8751 | D:8      | Identified a +0 mace
  8751 | D:8      | Identified a +0 robe
  8752 | D:8      | Identified a cursed +1 long sword
  8752 | D:8      | Identified a +0 robe
  8765 | D:8      | Identified a +3 great sword
  8765 | D:8      | Identified a +0 robe
  8937 | D:8      | Found a shadowy altar of Dithmenos.
  8949 | D:8      | Identified a +1 hat (You found it on level 8 of the
                  | Dungeon)
  8976 | D:8      | Identified a +0 dagger
  8976 | D:8      | Identified a +0 robe
  9098 | D:8      | Reached skill level 10 in Spellcasting
  9098 | D:8      | Reached XP level 10. HP: 49/63 MP: 22/24
  9116 | D:8      | Identified a +0 shortbow
  9127 | D:8      | Identified a -2 eveningstar
  9130 | D:8      | Identified a +0 short sword
  9237 | D:8      | Found a glowing silver altar of Zin.
  9570 | D:9      | Noticed a cyclops
  9580 | D:9      | Identified 2 potions of heal wounds
  9612 | D:9      | Killed a cyclops
  9612 | D:9      | Reached skill level 7 in Polearms
  9638 | D:9      | Identified a +0 hand axe
  9708 | D:9      | Reached skill level 8 in Poison Magic
  9781 | D:9      | Bought a book of Power for 720 gold pieces
  9788 | D:9      | Learned a level 6 spell: Poison Arrow
  9795 | D:9      | Learned a level 6 spell: Iron Shot
  9914 | D:9      | Identified a ring of poison resistance (You found it on
                  | level 9 of the Dungeon)
  9939 | D:9      | Reached skill level 1 in Fighting
  9965 | D:9      | Identified a +0 falchion
  9965 | D:9      | Identified a +0 chain mail
  9977 | D:9      | Reached skill level 2 in Conjurations
 10120 | D:9      | Reached skill level 2 in Fighting
 10121 | D:9      | Reached skill level 3 in Conjurations
 10146 | D:9      | Identified a +0 mace
 10146 | D:9      | Identified a cursed -2 club
 10146 | D:9      | Identified a +0 scale mail
 10146 | D:9      | Identified a +0 trident
 10146 | D:9      | Identified a +0 scale mail
 10146 | D:9      | Identified a +0 dagger
 10146 | D:9      | Identified a +0 robe
 10272 | D:9      | Identified a +0 shortbow
 10337 | D:9      | Got a heavily runed ring mail
 10348 | D:9      | Identified the +1 ring mail of Precision Catastrophes
                  | {-Cast Int+3 Dex+3} (You found it on level 9 of the
                  | Dungeon)
 10468 | D:9      | Reached skill level 4 in Conjurations
 10491 | D:9      | Identified a +0 halberd
 10491 | D:9      | Identified a +0 plate armour
 10505 | D:9      | Identified a +0 dagger
 10505 | D:9      | Identified a +0 robe
 10514 | D:9      | Reached skill level 3 in Fighting
 10520 | D:9      | Identified a +0 halberd of protection
 10520 | D:9      | Identified a +0 chain mail
 10523 | D:9      | Identified a +0 flail
 10533 | D:9      | Identified a +0 hand axe
 10533 | D:9      | Identified a +0 leather armour
 10535 | D:9      | Identified a +0 dagger
 10535 | D:9      | Identified a +0 leather armour
 10574 | D:9      | Identified a +0 club
 10574 | D:9      | Identified a +0 leather armour
 10575 | D:9      | Identified a +0 hand axe
 10576 | D:9      | Identified a +0 dagger
 10576 | D:9      | Identified a +0 scale mail
 10578 | D:9      | Identified a +0 dire flail
 10578 | D:9      | Identified a +0 chain mail
 10580 | D:9      | Identified a +0 short sword
 10582 | D:9      | Identified a +3 whip
 10582 | D:9      | Identified a +0 dagger
 10589 | D:9      | Identified a +0 war axe
 10589 | D:9      | Identified a +0 chain mail
 10606 | D:9      | Reached skill level 5 in Conjurations
 10655 | D:9      | Found a staircase to the Orcish Mines.
 10671 | Orc      | Entered the Orcish Mines
 10671 | Orc      | Found Tudwutirgh's General Store.
 10671 | Orc      | Identified a +0 short sword
 10671 | Orc      | Noticed an orc high priest
 10671 | Orc      | Identified a +0 glaive
 10671 | Orc      | Identified a +0 chain mail
 10671 | Orc      | Identified a +3 halberd
 10671 | Orc      | Identified a +0 plate armour
 10671 | Orc      | Noticed an orc knight
 10671 | Orc      | Noticed a cyclops
 10672 | Orc      | Identified a +0 short sword
 10672 | Orc      | Identified a +0 chain mail
 10672 | Orc      | Identified a +0 flail
 10672 | Orc      | Identified a +0 chain mail
 10791 | D:10     | Entered Level 10 of the Dungeon
 10791 | D:10     | Identified a +3 spear
 10791 | D:10     | Identified a +0 robe
 10791 | D:10     | Identified a cursed +2 hand axe
 10791 | D:10     | Identified a +0 robe
 10791 | D:10     | Identified a +1 mace of protection
 10791 | D:10     | Identified a +0 robe
 10791 | D:10     | Identified a cursed +0 great sword
 10791 | D:10     | Identified a +0 robe
 10819 | D:10     | Found a runed door.
 10827 | D:10     | Found a basalt altar of Yredelemnul.
 10918 | D:10     | Reached skill level 4 in Fighting
 10918 | D:10     | Reached XP level 11. HP: 63/77 MP: 23/25
 10926 | D:10     | Identified 2 scrolls of fog
 10970 | D:10     | Identified a +0 giant club
 10970 | D:10     | Identified a cursed -1 giant spiked club
 10970 | D:10     | Noticed a two-headed ogre
 10982 | D:10     | Identified a +0 scimitar of flaming
 10982 | D:10     | Identified a +2 robe of resistance
 10982 | D:10     | Noticed Erica
 11002 | D:10     | Killed a two-headed ogre
 11002 | D:10     | Reached skill level 6 in Conjurations
 11091 | D:10     | Killed Erica
 11108 | D:10     | Noticed a brown ugly thing
 11152 | D:10     | Got a crude flail
 11289 | D:10     | Noticed a red ugly thing
 11300 | D:10     | HP: 15/78 [red ugly thing (8)]
 11301 | D:10     | Killed a red ugly thing
 11301 | D:10     | Reached skill level 7 in Conjurations
 11325 | D:10     | Identified a +1 spear (You found it on level 10 of the
                  | Dungeon)
 11356 | D:10     | Noticed a five-headed hydra
 11396 | D:10     | Reached skill level 5 in Fighting
 11497 | D:10     | Noticed a catoblepas
 11525 | D:10     | Identified 2 scrolls of blinking
 11558 | D:10     | Killed a brown ugly thing
 11558 | D:10     | Reached skill level 2 in Dodging
 11625 | D:10     | Found Jacunt's Food Shop.
 11631 | D:10     | Bought a ration for 55 gold pieces
 11631 | D:10     | Bought a ration for 55 gold pieces
 11631 | D:10     | Bought a ration for 55 gold pieces
 11631 | D:10     | Bought a ration for 55 gold pieces
 11786 | Lair:1   | Entered Level 1 of the Lair of Beasts
 12213 | Lair:1   | Noticed a fire dragon
 12304 | Lair:1   | Reached skill level 8 in Conjurations
 12309 | Lair:1   | Identified 2 potions of cancellation
 12324 | Lair:1   | Reached skill level 3 in Dodging
 12331 | Lair:1   | HP: 19/79 [cane toad (15)]
 12337 | Lair:1   | HP: 17/79 [poisoned by a cane toad]
 12339 | Lair:1   | HP: 6/79 [porcupine (11)]
 12344 | Lair:1   | HP: 6/79 [poisoned by a cane toad]
 12350 | Lair:1   | HP: 8/79 [poisoned by a cane toad]
 12358 | Lair:1   | HP: 11/79 [poisoned by a cane toad]
 12739 | Lair:2   | Reached skill level 9 in Conjurations
 12743 | Lair:2   | Reached skill level 4 in Dodging
 12897 | Lair:2   | Identified a +2 hat of magic resistance
 12897 | Lair:2   | Noticed Gastronok
 12930 | Lair:2   | Killed Gastronok
 12930 | Lair:2   | Reached skill level 5 in Dodging
 12930 | Lair:2   | Reached skill level 10 in Conjurations
 12930 | Lair:2   | Gained mutation: You may emit foul miasma when damaged in
                  | melee. [demonic ancestry]
 12930 | Lair:2   | Reached XP level 12. HP: 86/86 MP: 3/26
 13103 | Lair:2   | Noticed a seven-headed hydra
 13498 | Lair:2   | Killed a seven-headed hydra
 13498 | Lair:2   | Reached skill level 11 in Conjurations
 13608 | Lair:2   | Found a hide-covered altar of Uskayaw.
 13929 | Lair:3   | Identified a cursed -2 short sword
 13929 | Lair:3   | Identified a +0 robe
 13966 | Lair:3   | Identified a ring of protection from magic (You found it on
                  | level 3 of the Lair of Beasts)
 13995 | Lair:3   | Found a dark tunnel.
 14002 | Volcano  | Entered a volcano
 14039 | Volcano  | Noticed a stone giant
 14052 | Volcano  | HP: 18/86 [stone giant/large rock (29)]
 14070 | Volcano  | HP: 9/86 [stone giant (35)]
 14072 | Volcano  | Hit by a large rock thrown by a stone giant

Table legend:
 A = Turns spent in this place as a percentage of turns spent in the entire game.
 B = Non-inter-level travel turns spent in this place as a percentage of non-inter-level travel turns spent in the entire game.
 C = Inter-level travel turns spent in this place as a percentage of turns spent in this place.
 D = Turns resting spent in this place as a percentage of non-inter-level travel turns spent in this place.
 E = Turns spent auto-exploring this place as a percentage of non-inter-level travel turns spent in this place.
 F = Non-inter-level travel turns spent in this place divided by the number of levels of this place that you've seen.
                   A       B       C       D       E      F
               +-------+-------+-------+-------+-------+----------------------
         Total | 100.0 | 100.0 |   4.3 |   8.0 |  64.4 | 841.6
       Dungeon |  83.3 |  83.0 |   4.6 |   8.3 |  65.0 | 1118.0
        Temple |   0.5 |   0.5 |   0.0 |   0.0 |   0.0 |  66.0
          Lair |  15.7 |  16.0 |   3.1 |   6.9 |  65.6 | 716.0
  Orcish Mines |   0.0 |   0.0 |   0.0 |   0.0 |   0.0 |   2.0
       Volcano |   0.5 |   0.5 |   0.0 |   0.0 |   0.0 |  70.0
               +-------+-------+-------+-------+-------+----------------------

Table legend:
 A = Kills in this place as a percentage of kills in entire the game.
 B = Kills by you in this place as a percentage of kills by you in the entire game.
 C = Kills by friends in this place as a percentage of kills by friends in the entire game.
 D = Other kills in this place as a percentage of other kills in the entire game.
 E = Experience gained in this place as a percentage of experience gained in the entire game.
 F = Experience gained in this place divided by the number of levels of this place that you have seen.
                   A       B       C       D       E      F
               +-------+-------+-------+-------+-------+----------------------
         Total | 100.0 | 100.0 | 100.0 |   N/A | 100.0 | 1734.3
       Dungeon |  85.6 |  86.1 |  72.7 |   N/A |  54.2 | 1504.2
          Lair |  14.4 |  13.9 |  27.3 |   N/A |  45.8 | 4235.7
               +-------+-------+-------+-------+-------+----------------------

Skill      XL: |  1  2  3  4  5  6  7  8  9 10 11 12 |
---------------+-------------------------------------+-----
Poison Magic   | 4 5 6 7 8 |  8.0
Spellcasting   | 3 5 7 10 | 10.2
Polearms       | 1 2 4 6 7 |  7.3
Fighting       | 4 5 |  5.0
Conjurations   | 5 10 11 | 11.1
Dodging        | 5 |  5.9
Stealth        | |  2.0
Earth Magic    | |  0.9

Action                   |  1- 3 |  4- 6 |  7- 9 | 10-12 || total
-------------------------+-------+-------+-------+-------++-------
Melee: Short sword       |    33 |       |       |       ||    33
       Quarterstaff      |    17 |    56 |       |       ||    73
       Whip              |       |       |   145 |       ||   145
       Trident           |       |       |    10 |       ||    10
       Spear             |       |       |    93 |   216 ||   309
       Halberd           |       |       |       |   267 ||   267
Throw: Tomahawk          |       |       |    21 |       ||    21
       Javelin           |       |       |     4 |    32 ||    36
       Throwing net      |       |       |     1 |       ||     1
 Cast: Sting             |    32 |    23 |    25 |       ||    80
       Poisonous Vapours |       |    14 |    81 |   117 ||   212
       Olgreb's Toxic Ra |       |     3 |     5 |    14 ||    22
       Summon Scorpions  |       |       |     1 |    26 ||    27
       Poison Arrow      |       |       |       |     3 ||     3
Invok: Call Merchant     |       |       |       |     2 ||     2
Evoke: Wand              |       |       |    14 |    12 ||    26
  Use: Scroll            |       |     5 |     6 |     9 ||    20
       Potion            |       |       |     2 |     5 ||     7
 Stab: Sleeping          |     1 |     2 |     1 |       ||     4
       Distracted        |       |       |     2 |     4 ||     6
       Held in net/web   |       |       |       |     1 ||     1
  Eat: Chunk             |     7 |     8 |       |       ||    15
       Ration            |       |       |     5 |     7 ||    12
Armor: Robe              |     6 |     5 |     6 |    61 ||    78
       Leather armour    |       |       |    29 |   101 ||   130
Dodge: Dodged            |    36 |    32 |   147 |   474 ||   689

Vanquished Creatures
  Gastronok (Lair:2)
  A hydra (Lair:2)
  Erica (D:10)
  A two-headed ogre (D:10)
  A cyclops (D:9)
  An ugly thing (D:10)
  A centaur zombie (D:10)
  A cane toad (Lair:1)
  2 centaur skeletons
  A komodo dragon (Lair:1)
  A troll (D:7)
  4 dream sheep (Lair:2)
  4 blink frogs (Lair:2)
  A slime creature (D:9)
  4 hippogriffs
  A spriggan (D:8)
  Sigmund (D:6)
  A human (D:10)
  13 yaks
  Eustachio (D:5)
  A hungry ghost (D:8)
  A vampire mosquito (D:9)
  5 crocodiles
  2 water moccasins
  2 porcupines (Lair:1)
  6 orc warriors
  A phantom (D:9)
  2 black bears
  4 sky beasts
  2 ice beasts
  A necrophage (D:9)
  An ogre (D:3)
  3 centaurs
  7 bullfrogs
  2 big kobolds (D:8)
  A gnoll sergeant (D:8)
  3 scorpions (D:8)
  A wyvern skeleton (D:9)
  9 killer bees
  5 wights
  A howler monkey (D:5)
  5 electric eels (Lair:2)
  3 crimson imps
  2 bullfrog zombies
  4 hounds
  2 jellies
  12 orc wizards
  A human zombie (D:10)
  7 orc priests
  A bullfrog skeleton (D:5)
  3 iguanas
  7 worker ants
  A killer bee zombie (D:7)
  A hound zombie (D:10)
  A hound skeleton (D:9)
  A howler monkey zombie (D:10)
  A worker ant zombie (D:8)
  9 adders
  3 gnolls (D:8)
  2 shadow imps
  2 adder skeletons
  3 worms
  2 dart slugs
  6 leopard geckos
  39 orcs
  2 ball pythons
  3 giant cockroaches (D:2)
  6 goblins
  3 hobgoblins
  5 quokkas
  11 bats
  5 frilled lizards
  A goblin zombie (D:10)
  2 jackal skeletons
  11 kobolds
  A quokka skeleton (D:5)
  3 rats
  A fungus (D:8)
274 creatures vanquished.

Vanquished Creatures (collateral kills)
  An ugly thing (D:10)
  A black mamba (Lair:3)
  2 cane toads (Lair:2)
  A slime creature (D:10)
  A hungry ghost (D:9)
  A bullfrog (D:10)
  A howler monkey (D:9)
  A quasit (D:9)
  A bullfrog skeleton (D:9)
  An orc (D:9)
11 creatures vanquished.

Vanquished Creatures (others)
  A wight (D:8)
  A fungus (Lair:2)
  8 plants (Lair:2)
10 creatures vanquished.

Grand Total: 295 creatures vanquished
